 Dungeon Crawl Stone Soup version 0.23.0 (webtiles) character file.

Game seed: 5238673756337418756

205 matvey the Cutter (level 6, -6/47 HPs)
             Began as a Human Fighter on Feb 16, 2019.
             Was an Initiate of Ru.
             Mangled by an ogre
             ... wielding a +0 giant club
              (12 damage)
             ... on level 4 of the Dungeon.
             The game lasted 00:24:31 (3326 turns).

matvey the Cutter (Human Fighter)                   Turns: 3326, Time: 00:24:32

Health: -6/47      AC:  7    Str: 17    XL:     6   Next: 10%
Magic:  6/6        EV:  7    Int:  9    God:    Ru [......]
Gold:   149        SH:  9    Dex: 13    Spells: 5/5 levels left

rFire    . . .     SeeInvis .   a - +1 rapier
rCold    . . .     Gourm    .   c - +0 shield
rNeg     . . .     Faith    .   b - +0 scale mail
rPois    .         Spirit   .   (no helmet)
rElec    .         Reflect  .   (no cloak)
rCorr    .         Harm     .   (no gloves)
MR       .....                  (no boots)
Stlth    ..........             (no amulet)
HPRegen  0.15/turn              (no ring)
MPRegen  0.10/turn              (no ring)

@: lethally poisoned (-6 -> -10)
A: no striking features
a: Renounce Religion


You were on level 4 of the Dungeon.
You worshipped Ru.
Ru was noncommittal.
You were not hungry.

You visited 1 branch of the dungeon, and saw 4 of its levels.

You collected 149 gold pieces.

Inventory:

Hand Weapons
 a - a +1 rapier (weapon)
 n - a +0 whip
Missiles
 s - 7 poisoned needles
Armour
 b - a +0 scale mail (worn)
 c - a +0 shield (worn)
 l - a +0 chain mail
 u - a +0 ring mail of magic resistance
Jewellery
 v - the amulet "Qesuduer" {Inacc *Slow rPois MR++}
   (You found it on level 4 of the Dungeon)

   [amulet of inaccuracy]

   It reduces the accuracy of all your attacks.
   It protects you from poison.
   It affects your resistance to hostile enchantments.
   It may slow you when you take damage.
Scrolls
 e - a scroll of teleportation
 g - a scroll of fear {unknown}
 j - 3 scrolls of enchant weapon
 r - 2 scrolls of fog {unknown}
 t - 2 scrolls of amnesia {unknown}
 x - a scroll of remove curse {unknown}
Potions
 d - 2 potions of might
 h - 2 potions of degeneration
 i - 2 potions of mutation {unknown}
 k - a potion of agility {unknown}
 m - a potion of ambrosia {unknown}
 o - a potion of flight {unknown}
 q - a potion of lignification {unknown}
 w - a potion of curing {unknown}
Comestibles
 f - 6 rations


   Skills:
 + Level 3.5 Fighting
 + Level 4.2 Short Blades
 + Level 3.9 Armour
 + Level 0.7 Dodging
 + Level 0.1 Stealth
 + Level 3.6 Shields


You had 5 spell levels left.
You didn't know any spells.
Your spell library was empty.

Dungeon Overview and Level Annotations

Branches:
Dungeon (4/15)
 Temple: D:4-7

Altars:
Ru


Message History

The ogre barely misses you. The scorpion stings you.
As you read the scroll of identify, it crumbles to dust.
h - 2 potions of degeneration You block the scorpion's attack.
The ogre hits you with a +0 giant club!
* * * LOW HITPOINT WARNING * * *
You block the scorpion's attack. The scorpion stings you.
* * * LOW HITPOINT WARNING * * *
You are poisoned.
The scorpion poisons you!
* * * LOW HITPOINT WARNING * * *
You feel sick.
You feel sick. The scorpion barely misses you.
You feel sick.
You feel sick.
You feel sick.
You feel sick.
You feel sick. You block the scorpion's attack.
You feel sick. The ogre hits you with a +0 giant club!
You die...

#.# #.# #.# #.#
#.# #.# #.# ####
#.. ..# ..# #.#
#### #.# #.#
#@#####.# ####
#.O.....#### #....
##s........##.....
#.####.#.##..#$$#
#.# #.#..'..$# #.#
#.##.'..$# #.#
#.####..#$$#
#.####.# #.....
#.#....# ###....


You could see an ogre and a scorpion.

Vanquished Creatures
  A big kobold (D:4)
  A worker ant (D:4)
  3 adders
  An ooze (D:4)
  2 worms
  3 dart slugs (D:1)
  3 leopard geckos
  An orc (D:3)
  A ball python (D:2)
  2 giant cockroaches
  4 goblins
  7 hobgoblins
  10 jackals
  6 kobolds
  A quokka (D:4)
  6 bats
  5 frilled lizards
  A leopard gecko skeleton (D:4)
  6 rats
64 creatures vanquished.

Notes
Turn   | Place    | Note
-------+----------+-------------------------------------------
     0 | D:1      | matvey the Human Fighter began the quest for the Orb.
     0 | D:1      | Reached XP level 1. HP: 18/18 MP: 1/1
   265 | D:1      | Reached XP level 2. HP: 22/24 MP: 2/2
   638 | D:1      | Reached XP level 3. HP: 24/29 MP: 3/3
  1068 | D:1      | Reached skill level 3 in Short Blades
  1694 | D:2      | Reached XP level 4. HP: 21/35 MP: 4/4
  1829 | D:2      | Found a sacrificial altar of Ru.
  1837 | D:2      | Became a worshipper of Ru the Awakened
  2894 | D:4      | Reached XP level 5. HP: 28/41 MP: 5/5
  3182 | D:4      | Noticed a big kobold
  3193 | D:4      | Killed a big kobold
  3193 | D:4      | Reached skill level 4 in Short Blades
  3193 | D:4      | Reached XP level 6. HP: 46/47 MP: 6/6
  3220 | D:4      | Got a scintillating ruby amulet
  3303 | D:4      | Noticed an ogre
  3304 | D:4      | Identified the amulet "Qesuduer" {Inacc *Slow rPois MR++}
                  | (You found it on level 4 of the Dungeon)
  3326 | D:4      | Mangled by an ogre

Skill      XL: |  1  2  3  4  5 |
---------------+----------------+-----
Short Blades   | 3 4 |  4.2
Fighting       | |  3.5
Armour         | |  3.9
Dodging        | |  0.7
Stealth        | |  0.1
Shields        | |  3.6

Action                   |  1- 3 |  4- 6 || total
-------------------------+-------+-------++-------
Melee: Rapier            |   113 |   125 ||   238
  Use: Scroll            |     2 |     3 ||     5
  Eat: Ration            |     1 |     2 ||     3
Armor: Scale mail        |    38 |    39 ||    77
Dodge: Dodged            |    40 |    40 ||    80
Block: Shield            |    51 |    57 ||   108
